 Dungeon Crawl Stone Soup version 0.30-b1-2-g02819fbbbe (webtiles) character file.

Game seed: 3302793678224872066

10 Alarkh the Trooper (level 2, 24/24 HPs)
             Began as a Demonspawn Chaos Knight on May 20, 2023.
             Was a Plaything of Xom.
             Got out of the dungeon alive.
             The game lasted 00:00:18 (299 turns).

Alarkh the Trooper (Demonspawn Chaos Knight)         Turns: 299, Time: 00:00:18

Health: 24/24      AC:  7    Str: 12    XL:     2   Next: 10%
Magic:  2/2        EV: 11    Int: 13    God:    Xom [...*..]
Gold:   8          SH:  0    Dex: 12    Spells: 1/1 levels left

rFire   . .          .
                       - Unarmed
rCold   . . .        (no shield)
rNeg    . . .        a - +2 leather armour
rPois   .            (no helmet)
rElec   .            (no cloak)
rCorr   .            (no gloves)
SInv    .            (no boots)
Will    .....        (no amulet)
Stlth   +            (no ring)
HPRegen 0.24/turn    (no ring)
MPRegen 0.08/turn

%: no passive effects
@: no status effects
A: molten scales 1
a: Renounce Religion


You escaped.
You worshipped Xom.
You were a favourite toy of Xom.
You visited 1 branch of the dungeon, and saw 1 of its levels.

You collected 8 gold pieces.

Inventory:

Armour
 a - a +2 leather armour (worn)
Scrolls
 d - a scroll of identify {unknown}
 e - 2 scrolls of silence {unknown}
 f - a scroll of poison {unknown}
Potions
 c - a potion of brilliance {unknown}
Miscellaneous
 b - a piece from Xom's chessboard (15/15) (quivered)


   Skills:
 + Level 3.2 Fighting
 - Level 1.7 Armour
 - Level 0.8 Dodging
 * Level 3.1 Unarmed Combat


You had one spell level left.
You didn't know any spells.
Your spell library was empty.

Dungeon Overview and Level Annotations

Branches:
Dungeon (1/15)

Altars:


Innate Abilities, Weirdness & Mutations

You are partially covered in molten scales. (AC +2)


Message History

No target in view!
No target in view!
f - a scroll labelled RARGHI DEXISH A goblin comes into view.
It is wielding a +0 club.
The goblin shouts!
A rat comes into view.
The goblin is attracted toward you. The rat is attracted toward you.
You hit the goblin.
You kill the goblin!
You have reached level 2!
Your demonic ancestry asserts itself...
Molten scales grow over part of your body.
No target in view!
The rat is attracted toward you.
A rat is nearby!
You hit the rat but do no damage.
The rat twitches its whiskers.
The rat misses you.
You closely miss the rat. The rat bites you but does no damage.
You hit the rat.
You kill the rat!
A frilled lizard comes into view.
The frilled lizard is attracted toward you.
You strike the helpless frilled lizard from behind!
You hit the frilled lizard.
You kill the frilled lizard!
You feel less attractive to monsters.
Xom makes a sudden noise!
You hear a strangely pleasant explosion.
You can't go up here!
(D) Dungeon
Where to? (Enter - D:1 @ (x,y), ? - help)
Okay, then.
(D) Dungeon
Where to? (Enter - D:1 @ (x,y), ? - help)
You are now a favourite toy of Xom.
(D) Dungeon
Where to? (Enter - D:1 @ (x,y), ? - help)
There is a staircase leading out of the dungeon here.
Are you sure you want to leave the Dungeon?
This will make you lose the game!
You have escaped!

§ #.# .## . .#. #.##.. . .....
#.##.# .#.# .....##.##.##.#.#
##### # #...............
######...####
........†......######..##.###.##.
.#.##.##).#.##.#..##.#.#.###.####
.#.............#....##.#..##.##..
.#.##.##.....#.#@.#####..#.#....#
.#.##.##.....#.#(...# #.##.#.####
...............#..##...##.###.
†#.##.###.#....##################
.................................
..................##.#.#######.##
#)#.#.###.#..........#.#######.#.
#.#.#.###.#.###..#####.........#.
........#.#.# #..# #.#######.#.


There were no monsters in sight!

Vanquished Creatures
  A dart slug (D:1)
  2 endoplasms (D:1)
  A goblin (D:1)
  A kobold (D:1)
  2 frilled lizards (D:1)
  A rat (D:1)
8 creatures vanquished.

Notes
Turn   | Place    | Note
-------+----------+-------------------------------------------
     0 | D:1      | Alarkh the Demonspawn Chaos Knight began the quest for the
                  | Orb.
     0 | D:1      | Reached XP level 1. HP: 18/18 MP: 1/1
   191 | D:1      | XOM: potion effect (attraction)
   209 | D:1      | Gained mutation: You are partially covered in molten
                  | scales. (AC +2) [demonic ancestry]
   209 | D:1      | Reached XP level 2. HP: 24/24 MP: 2/2
   249 | D:1      | XOM: noise
   299 | D:$      | Got out of the dungeon alive.

Illustrated notes

Levels and vault maps discovered:
D:1:      dpeg_arrival_signposts, layout_basic, minmay_tromino_v4_a

Skill      XL: |  1 |
---------------+----+-----
Unarmed Combat | 3 |  3.1
Fighting       | |  3.2
Armour         | |  1.7
Dodging        | |  0.8

Action                     || total
---------------------------++-------
  Melee: Unarmed           ||    28
   Stab: Distracted        ||     1
 Armour: Leather armour    ||     7
  Dodge: Dodged            ||     9
